 Dungeon Crawl Stone Soup version 0.32-a0-918-g0f22ef8d61 (webtiles) character file.

Game seed: 9911566431515066959

453 D0namaru the Grave Robber (level 6, 0/61 HPs)
             Began as a Demonspawn Necromancer on Apr 10, 2024.
             Incinerated by a bombardier beetle (4 damage)
             ... with a burning spray
             ... on level 5 of the Dungeon.
             The game lasted 00:19:56 (3735 turns).

D0namaru the Grave Robber (Demonspawn Necromancer)  Turns: 3735, Time: 00:19:56

Health: 0/61       AC: 23    Str:  8    XL:     6   Next: 75%
Magic:  18/22      EV:  2    Int: 17    God:
Gold:   284        SH:  0    Dex: 14    Spells: 10/14 levels left

rFire   . . .        d - +0 dagger (chaos)
rCold   . . .        (no shield)
rNeg    . . .        a - melded +0 robe
rPois   +            e - melded +0 hat
rElec   .            (cloak currently unavailable)
rCorr   .            (gloves currently unavailable)
SInv    .            l - melded +0 pair of boots
Will    .....        (no amulet)
Stlth   +            c - +5 ring of evasion
HPRegen 0.30/turn    s - ring of magical power
MPRegen 0.18/turn

%: no passive effects
@: on fire, tree-form, hasted, glowing, very quick
A: stationary, stasis, torment immunity, boosted hp, (molten scales 2), (spiny
1)
a: no special abilities


You were on level 5 of the Dungeon.
You were a tree.
You visited 1 branch of the dungeon, and saw 5 of its levels.

You collected 360 gold pieces.
You spent 76 gold pieces at shops.

Inventory:

Hand Weapons
 d - a +0 dagger of chaos (weapon)
Armour
 a - a +0 robe (melded)
 e - a +0 hat (melded)
 l - a +0 pair of boots (melded)
Jewellery
 c - a +5 ring of evasion (left branch)
 q - a ring of resist corrosion
 s - a ring of magical power (right branch)
Wands
 r - a wand of flame (10)
Scrolls
 g - a scroll of torment
 j - a scroll of poison
 m - 2 scrolls of noise {unknown}
 n - a scroll of acquirement {unknown}
 o - 2 scrolls of revelation {unknown}
 t - a scroll of silence {unknown}
Potions
 b - a potion of cancellation {unknown}
 h - a potion of ambrosia {unknown}
 i - a potion of heal wounds {unknown}
 k - a potion of haste
 p - 2 potions of enlightenment {unknown}


   Skills:
 - Level 1.7 Dodging
 - Level 1.7 Stealth
 + Level 4.9 Spellcasting
 + Level 7.0 Necromancy


You had 10 spell levels left.
You knew the following spells:

 Your Spells              Type           Power      Damage    Failure   Level
a - Necrotise             Necr           100%       1d9       1%          1
b - Vampiric Draining     Necr           28%        2d8       2%          3

Your spell library contained the following spells:

 Spells                   Type           Power      Damage    Failure   Level
 Animate Dead             Necr           28%        N/A       8%          4
 Curse of Agony           Necr           28%        N/A       22%         5
 Hailstorm                Conj/Ice       4%         3d5       41%         3
 Sigil of Binding         Hex            4%         N/A       41%         3
 Summon Ice Beast         Ice/Summ       4%         N/A       41%         3
 Death Channel            Necr           14%        N/A       77%         6
 Permafrost Eruption      Ice/Erth       2%         2x4d2     100%        6
 Sculpt Simulacrum        Ice/Alch       2%         N/A       100%        6


Dungeon Overview and Level Annotations

Branches:
Dungeon (5/15)
 Temple: D:4-7

Altars:

Shops:
D:3 *:[   D:4 =


Innate Abilities, Weirdness & Mutations

You are a tree.
Your roots penetrate the ground, keeping you stationary.
You cannot be teleported.
You are immune to unholy pain and torment.
Your maximum health is greatly increased.
Your equipment is partially melded.
((You are mostly covered in molten scales. (AC +3)))
((You are partially covered in sharp spines.))


Message History

The liquid fire burns you!
You take 2 damage, and have 35/41 hp.
You now have 20/22 mp.
Press: ? - help, Shift-Dir - straight line, f/p - bombardier beetle
Aim: a bombardier beetle (moderately wounded, chance to affect: 83%)
The bombardier beetle writhes in agony!
The liquid fire burns you!
You take 5 damage, and have 30/41 hp.
You now have 19/22 mp.
Press: ? - help, Shift-Dir - straight line, f/p - bombardier beetle
Aim: a bombardier beetle (severely wounded, chance to affect: 83%)
The bombardier beetle writhes in agony.
The liquid fire burns you!
You take 6 damage, and have 24/41 hp.
You now have 18/22 mp.
Press: ? - help, Shift-Dir - straight line, f/p - bombardier beetle
Aim: a bombardier beetle (almost dead, chance to affect: 83%)
The bombardier beetle writhes in agony.
You kill the bombardier beetle!
The liquid fire burns you!
Your Necromancy skill increases to level 7!
You take 3 damage, and have 21/41 hp.
You now have 17/22 mp.
You shake off some of the fire as you move.
The liquid fire burns you!
You take 5 damage, and have 16/41 hp.
You are on fire!
The liquid fire burns you!
You take 5 damage, and have 11/41 hp.
The liquid fire burns you!
* * * LOW HITPOINT WARNING * * *
You take 5 damage, and have 6/41 hp.
Okay, then.
It was a potion of lignification.
You turn into a tree.
Your +0 hat melds into your body.
Your +0 pair of boots melds into your body.
Your +0 robe melds into your body.
Your roots penetrate the ground.
The liquid fire burns you!
* * * LOW HITPOINT WARNING * * *
You now have 4/61 hp.
Okay, then.
It was a potion of haste.
You feel yourself speed up. The liquid fire burns you!
You die...

### #.# ..# #.#
#.# #†# #.# #♣#
#######.#######
...............
#######.#######
#.# #.# #.# #†#
#.###


There were no monsters in sight!

Vanquished Creatures
  3 scorpions
  A bombardier beetle (D:5)
  2 hounds (D:4)
  An orc wizard (D:2)
  6 adders
  3 dart slugs
  9 orcs
  4 endoplasms
  2 giant cockroaches
  7 goblins
  9 hobgoblins
  4 jackals (D:3)
  4 quokkas
  7 ball pythons
  3 bats (D:1)
  2 frilled lizards
  9 kobolds
  3 rats
79 creatures vanquished.

Vanquished Creatures (collateral kills)
  An adder (D:3)
  A ball python (D:1)
  A goblin (D:4)
  2 kobolds (D:4)
5 creatures vanquished.

Grand Total: 84 creatures vanquished

Notes
Turn   | Place    | Note
-------+----------+-------------------------------------------
     0 | D:1      | D0namaru the Demonspawn Necromancer began the quest for the
                  | Orb.
     0 | D:1      | Reached XP level 1. HP: 13/13 MP: 3/3
   145 | D:1      | Gained mutation: You are partially covered in molten
                  | scales. (AC +2) [demonic ancestry]
   145 | D:1      | Reached XP level 2. HP: 19/19 MP: 3/5
   825 | D:2      | Reached XP level 3. HP: 24/24 MP: 1/7
   977 | D:2      | Reached skill level 5 in Necromancy
  1636 | D:3      | Found Jotasydgh's General Store.
  1735 | D:3      | Bought a scroll of identify for 24 gold pieces
  1775 | D:3      | Found Vuen's Book Shoppe.
  1886 | D:2      | Learned a level 3 spell: Vampiric Draining
  1915 | D:2      | Reached XP level 4. HP: 18/30 MP: 5/9
  2238 | D:3      | Found Xelorph's Armour Boutique.
  2278 | D:3      | Bought a +0 hat for 52 gold pieces
  2515 | D:4      | Found Natof's Jewellery Shop.
  2590 | D:4      | Gained mutation: You are partially covered in sharp spines.
                  | [demonic ancestry]
  2590 | D:4      | Reached XP level 5. HP: 28/35 MP: 2/10
  2640 | D:4      | Reached skill level 6 in Necromancy
  3512 | D:4      | Gained mutation: You are mostly covered in molten scales.
                  | (AC +3) [demonic ancestry]
  3512 | D:4      | Reached XP level 6. HP: 41/41 MP: 12/12
  3615 | D:5      | Entered Level 5 of the Dungeon
  3731 | D:5      | Reached skill level 7 in Necromancy
  3734 | D:5      | HP: 3/61 [burnt (5)]
  3735 | D:5      | Incinerated by a bombardier beetle

Illustrated notes

Levels and vault maps discovered:
D:1:      onia_arrival_mini_spirals, layout_loops_ring
D:2:      layout_loops_ring, lightli_corner_chamber
D:3:      layout_basic, serial_shops, shop,
          nicolae_shop_temple_entry_statues_fountains, nicolae_shop_hallway_plus
D:4:      layout_basic, serial_shops, shop_coins, minmay_quantized
D:5:      cheibrodos_two_vegetables, layout_basic, uniq_menkaure, uniq_pikel

Skill      XL: |  1  2  3  4  5  6 |
---------------+-------------------+-----
Necromancy     | 5 6 7 |  7.0
Spellcasting   | 3 4 |  4.9
Dodging        | |  1.7
Stealth        | |  1.7

Action                     |  1- 3 |  4- 6 || total
---------------------------+-------+-------++-------
  Melee: Unarmed           |     4 |       ||     4
         Dagger            |    11 |    16 ||    27
   Cast: Necrotise         |    69 |    88 ||   157
         Vampiric Draining |     2 |     2 ||     4
    Use: Scroll            |     4 |     3 ||     7
         Potion            |     1 |     2 ||     3
   Stab: Distracted        |     1 |       ||     1
 Armour: Robe              |    24 |    27 ||    51
  Dodge: Dodged            |    17 |    46 ||    63

Table legend: (Time is in decaauts)
 A = Elapsed time spent in this place.
 B = Non-inter-level travel time spent in this place.
 C = Inter-level travel time spent in this place.
 D = Time resting spent in this place.
 E = Time spent auto-exploring this place.
 F = Levels seen in this place.
 G = Mean time per level.
                   A        B        C        D        E       F      G
               +--------+--------+--------+--------+--------+-----+--------+
         Total |   3734 |   3680 |     54 |     80 |   2738 |   5 |  746.8 |
       Dungeon |   3734 |   3680 |     54 |     80 |   2738 |   5 |  746.8 |
               +--------+--------+--------+--------+--------+-----+--------+

Top non-repeatable levels by time:
     D:4: 1098 daAuts
     D:2: 918 daAuts
     D:3: 837 daAuts
     D:1: 760 daAuts
     D:5: 119 daAuts
